[Event "Team 45 45 League T42"]
[Site "Internet Chess Club"]
[Date "2009.09.23"]
[Round "9"]
[White "cobra2008"]
[Black "orrgroup"]
[Result "1-0"]
[WhiteElo "1587"]
[BlackElo "1298"]
[Opening "Caro-Kann: Steinitz variation"]
[ECO "B17"]
[Time "11:16:23"]
[TimeControl "2700+45"]

1. e4 c6 2. d4 d5 3. Nc3 dxe4 4. Nxe4 Nd7 5. Nf3 Ndf6 6. Nxf6+ Nxf6 7. Bc4 g6 8.
Ne5 e6 9. c3 h6 10. a3 Bg7 11. O-O O-O 12. Qf3 Nh7 13. Bf4 Qf6 14. Qe3 Qh4 15.
Bg3 Qf6 16. Rfe1 b5 17. Bd3 Bb7 18. Nd7 Qe7 19. Nxf8 Rxf8 20. Be5 f6 21. Bxg6
Ng5 22. Bg3 f5 23. Bf4 Bc8 24. Bxg5 hxg5 25. Qh3 Rf6 26. Bxf5 Qf7 27. Bh7+ Kf8
28. Qg3 Qh5 29. Be4 Rf4 30. Bxc6 a6 31. d5 e5 32. d6 Rf7 33. a4 bxa4 34. Rxa4
Qg6 35. Rd4 Bd7 36. Bxd7 Rxd7 37. Qg4 Rxd6 38. Qc8+ Ke7 39. Qc7+ Kf8 40. Rxd6
Bf6 41. Rd7 Qe8 42. g3 a5 43. Re3 e4 44. f3 Be7 45. Rxe4 Bc5+ 46. Qxc5+ Kg8
{Black resigns} 1-0

[Event "Team 45 45 League T42"]
[Site "Internet Chess Club"]
[Date "2009.09.27"]
[Round "9"]
[White "DrOMM"]
[Black "sdcohle"]
[Result "0-1"]
[WhiteElo "1276"]
[BlackElo "1383"]
[Opening "Vienna gambit"]
[ECO "C29"]
[Time "16:00:19"]
[TimeControl "2700+45"]

1. e4 e5 2. Nc3 Nf6 3. f4 Nc6 4. fxe5 Nxe5 5. d4 Ng6 6. Nf3 d6 7. h3 Be7 8. Be2
O-O 9. O-O b6 10. e5 dxe5 11. dxe5 Qxd1 12. Rxd1 Nh5 13. Kh2 Nhf4 14. Bc4 Bb7
15. Bd5 c6 16. Be4 f5 17. Bd3 Nxd3 18. Rxd3 c5 19. Re3 f4 20. Re2 Rae8 21. b3
Rf5 22. e6 Bf6 23. Rb1 Bxc3 24. Bb2 Bxb2 25. Rxb2 Bxf3 26. gxf3 Re5 27. Rxe5
Nxe5 28. Kg2 Rxe6 29. Rb1 Ng6 30. Rd1 Nh4+ 31. Kf2 Kf7 32. Rd7+ Re7 33. Rd8 h6
34. a4 Ke6 35. Rd3 Nf5 36. c3 Rd7 37. Rxd7 Kxd7 {White resigns} 0-1